 Dungeon Crawl Stone Soup version 0.19.5 (webtiles) character file.

629 Gargoyl the Chopper (level 7, -2/56 (59) HPs)
             Began as a Ghoul Abyssal Knight on May 16, 2017.
             Was a Believer of Lugonu.
             Slain by an adder (3 damage)
             ... on level 6 of the Dungeon.
             The game lasted 00:12:56 (4452 turns).

Gargoyl the Chopper (Ghoul Abyssal Knight)          Turns: 4452, Time: 00:12:57

HP:   -2/56 (59)    AC: 14    Str: 16    XL:     7   Next: 48%
MP:   9/9           EV:  2    Int:  7    God:    Lugonu [**....]
Gold: 229           SH:  0    Dex: -5 (10) Spells: 0 memorised, 6 levels left

rFire  . . .     SeeInvis .     n - +0 war axe
rCold  + + .     Gourm    .     d - +0 plate armour
rNeg   + + +     Faith    .     h - +0 buckler
rPois  ∞         Spirit   .     (no helmet)
rElec  .         Reflect  .     p - +1 cloak
rCorr  .         Harm     .     (no gloves)
MR     .....                    (no boots)
Stlth  ..........               (no amulet)
                                m - ring of flight
                                b - ring of protection from cold

@: rotting, slowed, lost dexterity, very slow
A: rotting body, claws 1, carnivore 3, cold resistance 1, negative energy
resistance 3, slow regeneration 1, torment resistance, unbreathing
a: Depart the Abyss, Bend Space, Renounce Religion, Evoke Flight


You were on level 6 of the Dungeon.
You worshipped Lugonu.
Lugonu was pleased with you.
You were not hungry.

You visited 1 branch of the dungeon, and saw 6 of its levels.
You visited the Abyss 1 time.

You collected 229 gold pieces.

Inventory:

Hand Weapons
 a - a +1 hand axe
 j - a +2 spear of piercing
 n - a +0 war axe (weapon)
Missiles
 o - 4 tomahawks (quivered)
Armour
 d - a +0 plate armour (worn)
 h - a +0 buckler (worn)
 p - a +1 cloak (worn)
Jewellery
 b - a ring of protection from cold (left claw)
 m - a ring of flight (right claw)
Wands
 f - a wand of enslavement (5/24)
Scrolls
 e - 3 scrolls of remove curse
 k - 2 scrolls of identify
Potions
 i - a potion of agility
Books
 g - a book of Power

   Spells                             Type                      Level
   a - Fulminant Prism                Conjuration/Hexes            4
   b - Iskenderun's Mystic Blast      Conjuration                  4
   c - Venom Bolt                     Conjuration/Poison           5
   d - Bolt of Magma                  Conjuration/Fire/Earth       5
   e - Iron Shot                      Conjuration/Earth            6
   f - Orb of Destruction             Conjuration                  7
   g - Spellforged Servitor           Conjuration/Summoning        7
Comestibles
 c - 3 meat rations
 l - a beef jerky
 q - a slice of pizza
 t - a royal jelly


   Skills:
 + Level 4.2 Fighting
 + Level 4.4 Axes
 * Level 4.2 Armour
 + Level 1.4 Dodging
 + Level 1.0 Shields
 * Level 4.0 Invocations
 + Level 0.1 Evocations


You had 6 spell levels left.
You didn't know any spells.

Dungeon Overview and Level Annotations

Branches:
Dungeon (6/15)             Temple (0/1) D:4

Altars:
Fedhas
Kikubaaqudgha
Ru
Trog
Vehumet

Annotations:
D:5 Grinder


Innate Abilities, Weirdness & Mutations

Your body is rotting away.
You thrive on raw meat.
You are immune to poison.
You have sharp fingernails.
You are carnivorous and can eat meat at any time.
Your flesh is cold resistant. (rC+)
You are immune to negative energy. (rN+++)
You regenerate slowly when monsters are visible.
You are immune to unholy pain and torment.
You can survive without breathing.


Message History

* * * LOW HITPOINT WARNING * * *
You slash the scorpion!
The scorpion is heavily wounded.
Your plate armour prevents you from hitting the adder.
The adder bites you but does no damage.
The scorpion stings you but does no damage.
The adder bites you.
* * * LOW HITPOINT WARNING * * *
The scorpion stings you but does no damage.
The adder bites you.
* * * LOW HITPOINT WARNING * * *
Unknown command.
You closely miss the scorpion.
The scorpion is heavily wounded.
Your plate armour prevents you from hitting the adder.
The adder bites you but does no damage. The scorpion barely misses you.
The adder bites you but does no damage.
The scorpion stings you but does no damage.
The adder bites you.
You die...

##.. #.... ......
.?.... #######
...... .......
#)....####:......
.........s.......
.....$...@.......
........S###..###
.........##......
..............# #
.........###..#
..........##..#
...........#..##
#
...#...###.##..##
..# ####...#
#......#......


You could see a scorpion and an adder.

Vanquished Creatures
  A howler monkey (D:5)
  A hound (D:4)
  A quasit (D:5)
  An orc priest (D:4)
  2 iguanas
  3 centaur skeletons
  Natasha (thrice) (D:2)
  An orc wizard (D:4)
  2 worker ants (D:4)
  2 gnolls (D:2)
  An adder (D:4)
  3 river rats (D:3)
  A shadow imp (D:6)
  An ooze (D:3)
  5 worms
  3 dart slugs
  3 leopard geckos (D:3)
  5 orcs
  3 giant cockroaches
  4 goblins
  4 hobgoblins
  4 jackals
  2 quokkas
  2 ball pythons
  7 bats
  6 frilled lizards
  8 kobolds
  A leopard gecko skeleton (D:4)
  12 rats
92 creatures vanquished.

Vanquished Creatures (collateral kills)
  An orc priest (D:3)
  2 gnolls (D:2)
  An orc (D:3)
  A kobold (D:2)
  A frilled lizard (D:2)
  A goblin (D:2)
7 creatures vanquished.

Vanquished Creatures (others)
  A human (D:4)
  An orc priest (D:6)
  2 gnolls (D:2)
  A ball python (D:6)
5 creatures vanquished.

Grand Total: 104 creatures vanquished

Notes
Turn   | Place    | Note
-------+----------+-------------------------------------------
     0 | Abyss:1  | Gargoyl the Ghoul Abyssal Knight began the quest for the Orb.
     0 | Abyss:1  | Reached XP level 1. HP: 19/19 MP: 1/1
    92 | Abyss:1  | Noticed a small abomination
   117 | Abyss:2  | Found a corrupted altar of Lugonu.
   122 | Abyss:2  | Got a warped rapier
   125 | Abyss:2  | Identified the cursed +3 rapier of Resourcefulness {drain, rN++ Int+4} (You found it on level 2 of the Abyss)
   167 | Abyss:3  | Noticed a wretched star
   169 | D:1      | Escaped the Abyss
   301 | D:1      | Reached skill level 1 in Dodging
   331 | D:1      | Reached XP level 2. HP: 19/26 MP: 2/2
   423 | D:1      | Reached * piety under Lugonu
   953 | D:2      | Reached XP level 3. HP: 33/33 MP: 3/3
   983 | D:2      | Noticed Natasha
  1007 | D:2      | Killed Natasha
  1007 | D:2      | Reached XP level 4. HP: 39/40 MP: 4/4
  1032 | D:2      | Noticed Natasha
  1041 | D:2      | Killed Natasha
  1384 | D:2      | You fall through a shaft!
  1391 | D:3      | Reached XP level 5. HP: 46/46 MP: 6/6
  1557 | D:2      | Noticed Natasha
  1569 | D:2      | Killed Natasha
  1710 | D:2      | Found a blossoming altar of Fedhas.
  1711 | D:2      | Found a sacrificial altar of Ru.
  1841 | D:3      | Reached ** piety under Lugonu
  2177 | D:3      | Noticed a moth of wrath
  2179 | D:3      | Found a bloodstained altar of Trog.
  2345 | D:3      | Reached XP level 6. HP: 45/52 MP: 7/7
  2482 | D:2      | Found a radiant altar of Vehumet.
  2593 | D:4      | Found a staircase to the Ecumenical Temple.
  2647 | D:4      | Noticed a phantom
  2733 | D:5      | Entered Level 5 of the Dungeon
  3062 | D:5      | Noticed a phantom
  3410 | D:4      | Reached skill level 1 in Shields
  3686 | D:4      | Reached XP level 7. HP: 38/59 MP: 8/8
  3787 | D:4      | Found an ancient bone altar of Kikubaaqudgha.
  3787 | D:4      | Noticed a human
  3792 | D:4      | Killed a human
  3889 | D:5      | Noticed Grinder
  3890 | D:5      | Paralysed by Grinder for 5 turns
  3958 | D:5      | Paralysed by Grinder for 5 turns
  4374 | D:5      | Lost dexterity.
  4377 | D:5      | HP: 2/57 [quasit (2)]
  4450 | D:6      | HP: 2/56 [scorpion (4)]
  4452 | D:6      | Slain by an adder

Skill      XL: |  1  2  3  4  5  6  7 |
---------------+----------------------+-----
Dodging        | 1 |  1.4
Armour         | 2 3 4 |  4.2
Axes           | 2 3 4 |  4.4
Fighting       | 4 |  4.2
Invocations    | 3 4 |  4.0
Shields        | 1 |  1.0
Evocations     | |  0.1

Action                   |  1- 3 |  4- 6 |  7- 9 || total
-------------------------+-------+-------+-------++-------
Melee: Hand axe          |   102 |    78 |       ||   180
       War axe           |       |   223 |   125 ||   348
Throw: Tomahawk          |       |       |     3 ||     3
Invok: Depart the Abyss  |     1 |       |       ||     1
Evoke: Wand              |     4 |     4 |       ||     8
  Use: Scroll            |     4 |     6 |     2 ||    12
       Potion            |     2 |     3 |     2 ||     7
  Eat: Chunk             |     7 |    34 |     5 ||    46
       Meat ration       |       |     1 |       ||     1
Armor: Plate armour      |   110 |   260 |   286 ||   656
Dodge: Dodged            |    27 |    79 |   107 ||   213
Block: Buckler           |       |    38 |    29 ||    67
